Map: Nightshade LE

Players

Reynor - Winner!

  • Race: Zerg Zerg
  • Spawn Location: 5:00

Impact

  • Race: Zerg Zerg
  • Spawn Location: 11:00

VOD

Have the link to the VOD?

Description

Time

  • Played on: Jan. 6, 2020, 8:39 p.m.
  • Length: 7:21
Show
View Real Time Build Order
Export as new Build Order

Reynor Zerg - Winner!

Build Orders: Hatch First 

Get SALT Encoding   

  12  0:00  Drone  
  13  0:12  Overlord  
  13  0:17  Drone  
  14  0:31  Drone x2  
  16  0:48  Hatchery  
  15  0:50  Drone  
  15  0:54  Drone  
  17  0:57  Drone  
  18  1:08  Extractor  
  17  1:12  Spawning Pool  
  17  1:15  Drone  
  17  1:19  Drone  
  18  1:28  Drone  
  19  1:38  Drone  
  20  1:50  Drone  
  21  2:01  Queen, Overlord  
  21  2:02  Zergling x2, Queen  
  26  2:10  Drone  
  26  2:11  Drone  
  26  2:12  Metabolic Boost  
  28  2:22  Drone x2  
  30  2:34  Hatchery, Drone  
  30  2:37  Drone  
  30  2:44  Drone  
  32  2:45  Overlord  
  32  2:56  Drone x2  
  34  3:01  Queen  
  34  3:04  Drone x2  
  38  3:08  Evolution Chamber  
  38  3:10  Drone x2  
  39  3:13  Zergling x4  
  39  3:14  Zergling x2  
  39  3:17  Zergling x2  
  43  3:20  Overlord  
  43  3:24  Zergling x2  
  44  3:33  Zerg Missile Weapons Level 1  
  44  3:35  Overlord  
  44  3:39  Drone x2  
  46  3:41  Drone x2  
  46  3:42  Drone  
  46  3:47  Drone x2  
  51  3:50  Roach Warren  
  51  3:52  Drone  
  52  3:55  Drone  
  52  3:59  Drone  
  52  4:00  Drone  
  52  4:06  Drone  
  52  4:09  Lair  
  50  4:11  Extractor, Drone x2  
  50  4:12  Extractor  
  50  4:16  Drone x4  
  50  4:17  Drone x2  
  55  4:18  Drone  
  55  4:19  Drone  
  58  4:27  Drone x4  
  58  4:31  Overlord  
  62  4:34  Drone  
  62  4:35  Extractor  
  61  4:39  Roach  
  63  4:46  Roach  
  63  4:48  Overlord  
  63  4:49  Drone x3  
  63  4:50  Roach x3  
  74  4:54  Overlord  
  74  4:55  Extractor  
  74  4:56  Overlord  
  73  5:04  Overlord  
  73  5:06  Glial Reconstitution  
  73  5:08  Roach x2  
  73  5:10  Roach  
  73  5:11  Queen  
  87  5:14  Roach x3  
  87  5:19  Roach x3  
  93  5:23  Roach x2  
  93  5:26  Roach  
  93  5:28  Roach  
  101  5:29  Roach  
  101  5:32  Roach  
  101  5:34  Overlord  
  105  5:37  Overlord  
  105  5:52  Overlord  
  105  5:54  Roach x2  
  105  5:55  Roach x2  
  113  6:00  Roach x4  
  113  6:03  Overlord  
  121  6:10  Roach x2  
  121  6:11  Roach x2  
  129  6:15  Overlord  
  129  6:18  Overlord  
  129  6:22  Roach x4  
  129  6:24  Overlord  
  137  6:30  Overlord  
  137  6:33  Overlord  
  137  6:37  Roach  
  137  6:38  Roach x4  
  147  6:45  Ravager x4, Drone  
  147  6:46  Drone x2  
  154  6:47  Roach  
  154  6:48  Extractor  
  155  6:56  Roach x2  
  155  6:59  Roach x4  
Show
View Real Time Build Order
Export as new Build Order

Impact Zerg 

Build Orders: Hatch First 

Get SALT Encoding   

  12  0:01  Drone  
  13  0:12  Overlord  
  13  0:17  Drone  
  14  0:31  Drone x2  
  16  0:51  Hatchery, Drone  
  16  0:55  Drone  
  17  0:59  Drone  
  18  1:09  Extractor  
  17  1:13  Spawning Pool  
  17  1:17  Drone  
  17  1:20  Drone  
  18  1:29  Drone  
  19  1:40  Drone  
  20  1:50  Drone  
  21  2:00  Overlord  
  21  2:03  Queen x2, Drone  
  26  2:12  Drone  
  26  2:15  Drone  
  28  2:22  Drone  
  29  2:24  Zergling x2  
  30  2:33  Drone  
  30  2:35  Overlord  
  31  2:39  Lair, Queen  
  33  2:47  Drone  
  33  2:48  Drone  
  35  2:57  Drone  
  35  2:59  Drone  
  36  3:06  Drone, Evolution Chamber  
  36  3:08  Drone, Roach Warren  
  36  3:10  Drone x2  
  36  3:12  Drone x3  
  41  3:18  Overlord  
  41  3:20  Drone  
  41  3:22  Drone  
  41  3:25  Extractor x2  
  41  3:30  Drone  
  41  3:32  Zerg Missile Weapons Level 1  
  42  3:37  Overseer  
  42  3:38  Overseer  
  42  3:39  Drone  
  43  3:42  Drone x3  
  43  3:44  Drone x2  
  43  3:47  Drone  
  49  3:51  Overlord  
  49  3:57  Zergling x6  
  50  4:04  Roach  
  48  4:10  Roach  
  48  4:11  Queen  
  48  4:13  Glial Reconstitution  
  52  4:18  Roach  
  52  4:21  Drone x2  
  55  4:25  Drone  
  55  4:27  Overlord  
  56  4:38  Drone  
  56  4:41  Hatchery  
  56  4:44  Overlord  
  55  4:49  Roach  
  55  4:51  Roach  
  59  4:57  Roach x3  
  65  5:00  Drone  
  65  5:05  Roach x2  
  70  5:08  Overlord  
  70  5:11  Overlord  
  70  5:17  Roach  
  70  5:18  Roach x2  
  76  5:26  Queen  
  78  5:32  Drone  
  78  5:33  Evolution Chamber  
  78  5:34  Drone  
  79  5:36  Drone  
  79  5:38  Drone  
  79  5:39  Drone  
  79  5:40  Drone  
  84  5:42  Drone  
  84  5:48  Extractor  
  82  5:51  Drone  
  82  5:52  Drone x2  
  82  5:53  Drone  
  82  5:54  Roach  
  88  5:59  Roach x2  
  88  6:02  Roach  
  94  6:05  Roach  
  94  6:06  Ravager  
  94  6:11  Overlord  
  97  6:23  Overlord x2  
  97  6:30  Roach  
  97  6:31  Roach x3, Overlord x2  
  105  6:36  Overlord x2  
  105  6:43  Roach x4  
  105  6:45  Roach  
  115  6:48  Overlord  
  115  6:51  Roach  
  115  6:52  Roach  
  119  6:54  Roach  
  119  6:57  Ravager x2  
  119  6:58  Roach  
  125  7:02  Roach x2  
Tags
 
Add a new tag
Caveats
  • Supply blocks, unpowered buildings, or Contaminate may cause inaccurate times.
  • Supply counts are checked every 10 seconds.